AoeStats
← Tony mastroeni

Arena

507197311Analyzed
4v4 RM · 16d ago on Sep 17, 2026· 39m 53s· 8 players
Game mode
Random Map
Map size
Large (8 player)
Population
200
Speed
Normal
Resources
Standard
Victory
Conquest
Starting age
Dark Age
Ending age
Imperial Age
RankedLock teamsTeams togetherTeam positionsShared explorationLock speedFull tech treeHidden civsTurbo modeCheats
Victory
Defeat
🇲🇽 Turks · Mexico
1030
+11
🇲🇽 Spanish · Mexico
946
+14
🇲🇽 Romans · Mexico
693
+24
🇲🇽 Sicilians · Mexico
636
+26
🇳🇮 Shu · Nicaragua
950
-21
🇬🇹 Spanish · Guatemala
898
-19
🇳🇮 Wei · Nicaragua
894
-19
🇨🇳 Chinese · China
809
-16
mperez
10:24 Feudal Age
11:05 Double-Bit Axe
11:01 Horse Collar
15:55 Gold Mining
17:37 Stone Mining
21:04 Castle Age
19:40 Loom
20:24 Fletching
20:35 Padded Archer Armor
21:49 Bodkin Arrow
22:13 Bow Saw
22:05 Heavy Plow
21:30 Crossbowman
22:26 Leather Archer Armor
26:30 Wheelbarrow
25:41 Town Watch
djowyn
9:57 Loom
11:49 Feudal Age
13:22 Double-Bit Axe
13:22 Horse Collar
19:07 Castle Age
17:22 Gold Mining
18:23 Stone Mining
21:02 Wheelbarrow
21:58 Bow Saw
21:51 Heavy Plow
22:34 Town Watch
25:23 Bloodlines
25:23 Husbandry
SMAUG_AM
12:20 Feudal Age
17:06 Double-Bit Axe
22:16 Castle Age
22:59 Fletching
23:09 Padded Archer Armor
Good night
1:00 Loom
11:40 Feudal Age
17:17 Castle Age
15:24 Double-Bit Axe
24:53 Horse Collar
25:07 Gold Mining
25:15 Stone Mining
33:09 Imperial Age
Tony mastroeni
0:28 Loom
12:43 Feudal Age
15:47 Double-Bit Axe
20:24 Castle Age
19:26 Horse Collar
19:53 Scale Mail Armor
22:23 Squires
26:54 Chain Mail Armor
26:50 Forging
26:34 Stone Mining
28:24 Pikeman
29:35 Ballistics
29:19 Murder Holes
35:24 Imperial Age
33:00 Padded Archer Armor
32:50 Fletching
36:03 Leather Archer Armor
35:44 Bodkin Arrow
36:25 Iron Casting
36:40 Halberdier
36:44 Man-at-Arms
37:21 Gold Mining
39:52 Gold Shaft Mining
39:19 Heavy Plow
39:32 Bow Saw
40:39 Chemistry
andreward10
11:39 Feudal Age
16:40 Castle Age
16:19 Double-Bit Axe
19:53 Horse Collar
22:53 Imperial Age
20:37 Double-Bit Axe
26:52 Wheelbarrow
26:03 Loom
30:35 Town Watch
31:20 Bow Saw
35:21 Heavy Plow
35:44 Forging
35:29 Fletching
morroko86
10:45 Feudal Age
11:52 Loom
23:32 Wheelbarrow
26:17 Castle Age
27:09 Wheelbarrow
Ricardio
4:31 Loom
10:30 Feudal Age
11:17 Horse Collar
17:03 Castle Age
28:16 Double-Bit Axe
33:52 Imperial Age
38:29 Light Cavalry
Connection lost

Rejoining the realm…

Still unreachable

The connection could not be restored.

Session expired

The server has moved on; the page needs a fresh start.